Map: Cerulean Fall LE

Players

Jazzminkey - Winner!

  • Race: Terran Terran
  • League: Diamond
  • Spawn Location: 7:00

hibiki

  • Race: Zerg Zerg
  • League: Diamond
  • Spawn Location: 1:00

VOD

Have the link to the VOD?

Description

Time

  • Played on: Dec. 14, 2018, 10:08 a.m.
  • Length: 10:53
Show
View Real Time Build Order
Export as new Build Order

Jazzminkey Terran - Winner!

Build Orders: Mech 

Get SALT Encoding   

  12  0:01  SCV  
  13  0:14  SCV  
  14  0:20  Supply Depot  
  14  0:26  SCV  
  15  0:44  Barracks  
  15  0:50  Barracks  
  15  0:51  SCV  
  16  1:03  SCV  
  17  1:15  SCV  
  18  1:31  Marine  
  18  1:32  Orbital Command  
  19  1:37  Marine  
  20  1:41  Supply Depot  
  20  1:49  Marine  
  21  1:55  Marine  
  21  2:00  Bunker  
  22  2:07  Bunker, Marine  
  23  2:10  SCV  
  23  2:13  Refinery, Marine  
  25  2:25  Marine  
  25  2:31  Marine  
  25  2:36  SCV  
  26  2:42  Marine  
  26  2:48  Marine, SCV  
  28  2:55  Command Center  
  28  2:57  Supply Depot  
  24  3:22  Marine x2  
  24  3:23  SCV  
  24  3:28  Refinery  
  24  3:36  SCV  
  24  3:40  Marine  
  26  3:48  SCV  
  24  4:00  SCV  
  24  4:01  Factory  
  25  4:05  Marine  
  25  4:09  Orbital Command  
  26  4:12  Marine  
  26  4:13  Refinery  
  28  4:17  SCV  
  28  4:18  Factory  
  28  4:23  Marine  
  29  4:29  SCV  
  29  4:30  Marine  
  31  4:35  SCV  
  32  4:41  Marine, SCV  
  34  4:47  SCV  
  34  4:48  Factory Tech Lab  
  32  5:00  Supply Depot  
  32  5:02  Supply Depot, SCV  
  32  5:05  Hellion  
  35  5:08  SCV  
  36  5:14  Siege Tank  
  36  5:15  SCV  
  36  5:16  Marine x2  
  36  5:20  SCV  
  43  5:22  Supply Depot  
  43  5:31  SCV  
  44  5:38  Marine  
  44  5:39  Marine  
  46  5:44  Factory Tech Lab  
  46  5:45  SCV  
  46  5:46  SCV, Siege Tank  
  51  5:57  SCV  
  51  5:58  SCV  
  51  6:01  Command Center  
  53  6:09  SCV  
  53  6:10  SCV  
  58  6:11  Siege Tank  
  58  6:22  SCV  
  58  6:23  SCV  
  60  6:32  Supply Depot  
  60  6:33  Armory  
  60  6:34  SCV  
  60  6:35  SCV  
  60  6:36  Cyclone  
  66  6:46  SCV  
  66  6:48  SCV  
  66  6:52  Siege Tank  
  70  6:58  SCV  
  70  7:00  Supply Depot  
  71  7:08  Marine x2  
  72  7:09  Hellion  
  72  7:10  SCV  
  76  7:16  SCV  
  76  7:18  Infernal Pre-Igniter  
  78  7:22  SCV  
  78  7:24  Refinery  
  78  7:26  Supply Depot, Marine  
  78  7:28  Terran Vehicle Weapons Level 1  
  79  7:33  SCV  
  79  7:35  Thor, Siege Tank, SCV  
  90  7:44  Supply Depot  
  90  7:45  Factory, SCV  
  90  7:46  Marine  
  92  7:53  Supply Depot  
  92  7:59  Orbital Command  
  92  8:01  SCV  
  92  8:03  SCV  
  94  8:07  Thor  
  100  8:13  SCV  
  100  8:15  Starport, SCV  
  100  8:17  Refinery  
  102  8:21  Refinery  
  102  8:26  Siege Tank  
  106  8:27  SCV x2  
  106  8:28  SCV  
  108  8:39  Factory Reactor, SCV  
  109  8:43  Supply Depot, SCV  
  110  8:49  Supply Depot  
  110  8:50  SCV, Siege Tank  
  110  8:53  Supply Depot  
  114  8:58  Hellbat  
  116  9:08  SCV  
  119  9:13  Supply Depot  
  119  9:18  Hellbat x2  
  119  9:19  Hellbat  
  119  9:22  Hellbat  
  119  9:23  Starport Reactor, Command Center  
  125  9:25  SCV  
  125  9:26  SCV  
  125  9:28  SCV  
  125  9:31  Marine x2  
  130  9:40  Hellbat x2  
  130  9:41  Supply Depot, Hellbat  
  130  9:42  Supply Depot  
  130  9:43  Siege Tank  
  139  9:47  Liberator  
  139  9:48  Marine  
  139  9:50  Factory  
  139  9:52  Factory  
  139  9:53  SCV  
  140  10:03  Hellbat x2  
  140  10:04  Hellbat  
  149  10:12  SCV x2  
  151  10:16  Siege Tank  
  151  10:17  Command Center  
  154  10:25  Hellbat x2  
  154  10:28  Hellbat  
Show
View Real Time Build Order
Export as new Build Order

hibiki Zerg 

Build Orders: Hatch First 

Get SALT Encoding   

  12  0:01  Drone  
  13  0:13  Overlord  
  13  0:18  Drone  
  14  0:32  Drone x2  
  16  0:35  Drone  
  17  0:52  Hatchery  
  17  0:56  Drone  
  17  0:59  Drone  
  18  1:11  Extractor  
  17  1:15  Spawning Pool  
  17  1:18  Drone  
  17  1:21  Drone  
  18  1:30  Drone  
  20  1:40  Drone  
  20  2:02  Queen  
  20  2:03  Overlord  
  22  2:40  Zergling x10  
  22  2:41  Zergling x2  
  26  2:44  Spine Crawler  
  25  2:56  Zergling x4  
  27  3:00  Metabolic Boost  
  26  3:21  Zergling x2  
  26  3:22  Zergling x2  
  28  3:40  Baneling Nest  
  27  3:44  Queen  
  27  3:47  Zergling x2  
  28  3:52  Overlord x2  
  27  4:06  Overlord  
  27  4:10  Queen  
  27  4:15  Drone  
  30  4:28  Baneling x4  
  30  4:29  Baneling x2  
  30  4:32  Zergling x4  
  30  4:37  Drone  
  30  4:57  Zergling x10  
  30  4:58  Zergling x2  
  32  5:09  Drone x3  
  35  5:25  Hatchery  
  34  5:29  Drone  
  34  5:31  Drone  
  36  5:45  Drone  
  36  5:46  Drone x4  
  41  5:57  Drone x3  
  44  6:14  Extractor  
  44  6:15  Extractor, Roach Warren, Queen  
  43  6:19  Drone  
  44  6:26  Overlord x3  
  44  6:32  Lair  
  44  6:38  Drone x3  
  47  6:51  Drone x5  
  47  6:52  Drone  
  53  6:57  Drone x2  
  53  6:58  Drone  
  55  7:02  Drone  
  55  7:03  Drone  
  56  7:10  Drone x2  
  56  7:12  Drone x2  
  56  7:14  Drone  
  61  7:20  Overlord  
  61  7:22  Overlord  
  61  7:35  Spine Crawler  
  61  7:36  Overlord  
  61  7:37  Overlord  
  60  7:48  Drone x4  
  64  7:52  Drone  
  64  7:53  Drone x2  
  64  7:56  Hatchery  
  66  8:01  Extractor, Drone x3  
  66  8:03  Overlord  
  66  8:04  Drone  
  69  8:07  Overseer  
  69  8:19  Hydralisk Den  
  68  8:21  Drone x3  
  68  8:23  Evolution Chamber x2, Drone x5  
  74  8:28  Drone  
  75  8:41  Overlord x3  
  75  8:42  Drone x3  
  75  8:45  Extractor x2  
  75  8:46  Spore Crawler  
  75  8:50  Drone x2  
  75  8:51  Zerg Missile Weapons Level 1  
  77  8:56  Zerg Ground Armor Level 1  
  77  8:57  Infestation Pit  
  77  9:00  Spore Crawler  
  75  9:07  Spore Crawler  
  74  9:15  Hydralisk x3  
  74  9:16  Hydralisk x3  
  85  9:27  Hydralisk x6  
  97  9:34  Drone x2  
  97  9:35  Drone x4  
  97  9:36  Drone  
  104  9:39  Hydralisk  
  106  9:58  Queen  
  106  9:59  Drone  
  108  10:00  Drone x3  
  108  10:01  Drone x4  
  108  10:03  Drone  
  108  10:05  Hydralisk  
  115  10:11  Roach x4  
  123  10:17  Hydralisk x3  
  129  10:23  Zergling x10  
  134  10:32  Roach  
  134  10:33  Roach x5  
Tags
 
Composition
Mech
Matchup
TvZ
Spawn Locations
Cross Positions
Add a new tag
Caveats
  • Supply blocks, unpowered buildings, or Contaminate may cause inaccurate times.
  • Supply counts are checked every 10 seconds.